 Dungeon Crawl Stone Soup version 0.29.1-13-g9f3cf754e1 (webtiles) character file.

Game seed: 2239127632822061201

1569358 LSt the Archmage (level 27, 204/204 HPs)
             Began as a Djinni Fire Elementalist on Jan 28, 2023.
             Was the Champion of Makhleb.
             Escaped with the Orb
             ... and 3 runes on Jan 30, 2023!
             The game lasted 11:08:10 (88693 turns).

LSt the Archmage (Djinni Fire Elementalist)        Turns: 88693, Time: 11:08:10

Health: 204/204    AC: 15    Str: 11    XL:     27
Gold:   6211       EV: 26    Int: 34    God:    Makhleb [******] SH:  6 Dex: 14

rFire   + + +      SeeInvis +   a - staff of fire
rCold   + + +      Faith    .   r - +3 buckler {AC+3}
rNeg    + . .      Spirit   .   z - +4 skin of Zhor {*Englaciate rC+++ SInv}
rPois   ∞          Reflect  .   i - +2 helmet {Int+3}
rElec   .          Harm     .   R - scarf {repulsion}
rCorr   +          Rampage  .   k - +2 pair of gloves {Dex+3}
Will    ++++.      Rage     50% (boots unavailable)
Stlth   ++........ Rnd*Tele +   Y - necklace of Bloodlust {*Rage Will++ Int-3 Slay+6}
HPRegen 0.44/turn               V - ring of fire
MPRegen 0.00/turn               l - ring of Builu {Drain rC++ rN+ rCorr Int+6}

@: flying, repel missiles
A: sickness immunity, fire resistance 2, cold vulnerability 1, float, innate
caster, HP casting, extra vitality 1, clumsy 2, strong 1, teleportitis 1, wild
magic 1, inability to read after injury 1
0: Orb of Zot
}: 3/15 runes: barnacled, silver, gossamer
a: Renounce Religion, Minor Destruction, Lesser Servant of Makhleb, Major
Destruction, Greater Servant of Makhleb


You escaped.
You worshipped Makhleb.
Makhleb was exalted by your worship.
You visited 12 branches of the dungeon, and saw 52 of its levels.
You visited 1 bazaar.
You also visited: Trove, Volcano and Wizlab.

You collected 8462 gold pieces.
You spent 2251 gold pieces at shops.

Inventory:

Hand Weapons
 G - the +8 rapier "Reennargh" {speed, rPois rN+ Stlth-}
   (You found it on level 11 of the Dungeon)

   Attacks with this weapon are significantly faster.
   rPois:     It protects you from poison.
   rN:        It protects you from negative energy.
   Stlth:     It makes you less stealthy.
 P - the +2 dagger "Vavvik" {holy, rElec Str+6}
   (You found it on level 2 of the Vaults)

   It has been blessed by the Shining One to cause great damage to the undead
   and demons.
   Str:       It affects your strength (+6).
   rElec:     It insulates you from electricity.
Missiles
 o - 6 throwing nets
Armour
 i - a +2 helmet of intelligence (worn)
 k - a +2 pair of gloves of dexterity (worn)
 r - a +3 buckler of protection (worn)
 z - the +4 skin of Zhor (worn) {*Englaciate rC+++ SInv}
   (You bought it in a shop on level 1 of the Shoals)

   It radiates cold, occasionally slowing all nearby creatures who are not
   resistant to cold.
   rC:        It renders you almost immune to cold.
   SInv:      It lets you see invisible.
 C - the +3 pair of gloves of the Great Game {rF- rN+++ rCorr Int-4}
   (You found it in a treasure trove)

   Int:       It affects your intelligence (-4).
   rF:        It makes you vulnerable to fire.
   rN:        It renders you almost immune to negative energy.
   rCorr:     It protects you from acid and corrosion.
 R - a scarf of repulsion (worn)
Magical Staves
 a - a staff of fire (weapon)
 b - a staff of earth
Jewellery
 d - the ring of Darkness {rN+ Will+ AC+4 Int+4}
   (You took it off a deep elf annihilator on level 3 of the Elven Halls)

   [ring of protection]

   AC:        It affects your AC (+4).
   Int:       It affects your intelligence (+4).
   rN:        It protects you from negative energy.
   Will:      It increases your willpower.
 j - a ring of fire
 l - the ring of Builu (right hand) {Drain rC++ rN+ rCorr Int+6}
   (You took it off a vampire mage on level 3 of the Depths)

   [ring of intelligence]

   Int:       It affects your intelligence (+6).
   rC:        It greatly protects you from cold.
   rN:        It protects you from negative energy.
   rCorr:     It protects you from acid and corrosion.
   Drain:     It drains your maximum health when unequipped.
 p - the ring of Qoirchuac {rN+ Will+ Int+2}
   (You found it in a wizard's laboratory)

   [ring of willpower]

   Int:       It affects your intelligence (+2).
   rN:        It protects you from negative energy.
   Will:      It increases your willpower.
 q - the ring "Nyzxeaz" {Wiz Dex+3}
   (You took it off a hell knight on level 3 of the Depths)

   [ring of wizardry]

   It improves your spell success rate.
   Dex:       It affects your dexterity (+3).
 L - the ring of Taeriv {Ice rElec}
   (You took it off Josephina on level 1 of the Realm of Zot)

   [ring of ice]

   It enhances your ice magic.
   rF:        It makes you vulnerable to fire.
   rC:        It protects you from cold.
   rElec:     It insulates you from electricity.
 Q - the ring of Toedocs {rF+++ AC+4 Str+6}
   (You took it off a moon troll in a wizard's laboratory)

   [ring of protection]

   AC:        It affects your AC (+4).
   Str:       It affects your strength (+6).
   rF:        It renders you almost immune to fire.
 S - a ring of protection from cold
 V - a ring of fire (left hand)
 W - a +6 ring of dexterity
 Y - the necklace of Bloodlust (around neck) {*Rage Will++ Int-3 Slay+6}
   (You found it on level 4 of the Shoals)

   [amulet of nothing]

   It extends the wearer's berserk rage when killing foes.
   Int:       It affects your intelligence (-3).
   Slay:      It affects your accuracy & damage with ranged weapons and melee
   (+6).
   *Rage:     It berserks you when you make melee attacks (+50% chance).
   Will:      It greatly increases your willpower.
Wands
 f - a wand of polymorph (18)
 g - a wand of digging (32)
 B - a wand of iceblast (16)
 H - a wand of charming (49)
 K - a wand of mindburst (38)
 N - a wand of acid (12)
Scrolls
 c - 5 scrolls of magic mapping
 s - 9 scrolls of vulnerability
 t - 5 scrolls of fear
 u - 9 scrolls of poison
 w - 10 scrolls of immolation
 x - 3 scrolls of silence
 y - 7 scrolls of fog
 E - 18 scrolls of teleportation
 I - 5 scrolls of torment
 J - 4 scrolls of summoning
 O - 8 scrolls of enchant armour
 T - 12 scrolls of blinking
Potions
 e - 9 potions of invisibility
 h - 12 potions of lignification
 m - 14 potions of heal wounds
 n - 10 potions of mutation
 v - 7 potions of brilliance
 A - 5 potions of cancellation
 D - 28 potions of curing
 F - 11 potions of ambrosia
 M - 11 potions of attraction
 U - 9 potions of haste
 X - 4 potions of resistance
Miscellaneous
 Z - a phantom mirror


   Skills:
 O Level 27 Fighting
 O Level 27 Dodging
 + Level 14.8 Stealth
 O Level 27 Spellcasting


You couldn't memorise any spells.
You knew the following spells:

 Your Spells              Type           Power      Damage    Failure   Level
a - Fire Storm            Conj/Fire      96%        8d24      2%          9
b - Shatter               Erth           70%        3d51*     2%          9
c - Conjure Flame         Conj/Fire      100%       6-21      1%          3
d - Inner Flame           Hex/Fire       100%       N/A       1%          3
e - Flame Wave            Conj/Fire      100%       2d21      1%          4
f - Magic Dart            Conj           100%       1d8       1%          1
g - Poisonous Vapours     Pois/Air       100%       N/A       1%          2
h - Tukima's Dance        Hex            100%       N/A       1%          3
i - Dispel Undead         Necr           100%       3d31      1%          4
j - Sticky Flame          Conj/Fire      100%       2d11      1%          4
k - Summon Mana Viper     Hex/Summ       100%       N/A       1%          5
l - Starburst             Conj/Fire      96%        6d24      1%          6
m - Eringya's Noxious Bo  Tmut/Pois      70%        N/A       1%          6
n - Monstrous Menagerie   Summ           70%        N/A       1%          7
o - Borgnjor's Revivific  Necr           70%        N/A       1%          8
p - Summon Hydra          Summ           70%        N/A       1%          7
q - Scorch                Fire           100%       2d10      1%          2
r - Foxfire               Conj/Fire      100%       2x1d9     1%          1
Your spell library was empty.

Dungeon Overview and Level Annotations

Branches:
Dungeon (15/15)            Temple (1/1) D:4            Lair (5/5) D:11
 Shoals (4/4) Lair:3       Spider (4/4) Lair:3        Slime (0/5) Lair:5
    Orc (2/2) D:9             Elf (3/3) Orc:2        Vaults (5/5) D:14
  Crypt (3/3) Vaults:3       Tomb (1/3) Crypt:3      Depths (4/4) D:15
    Zot (5/5) Depths:4    Volcano (visited)          WizLab (visited)

Altars:
Ashenzari
Cheibriados
Dithmenos
Elyvilon
Fedhas
Gozag
Hepliaklqana
Makhleb
Nemelex Xobeh
Okawaru
Qazlal
Ru
Trog
Uskayaw
Wu Jian
Xom
Yredelemnul
Zin
The Shining One

Shops:
D:1 *[:   D:8 [   Orc:2 ::([*   Elf:1 =(=:   Shoals:1 *   Shoals:3 :   Zot:1 *
Depths:1 ?

Portals:
Hell: Depths:1 Depths:2 Depths:3 Depths:4
Abyss: Depths:3
Pandemonium: Depths:2
Ziggurat: Depths:1

Annotations:
Elf:2 2 transporters
Depths:3 1 transporter
Zot:3 1 transporter, 1 exclusion


Innate Abilities, Weirdness & Mutations

You are immune to sickness and miasma.
You are immune to poison.
Your flesh is very heat resistant. (rF++)
You are vulnerable to cold. (rC-)
You float through the air rather than walking.
You learn spells naturally, not from books.
Your magical power is your life essence.
You have superior vitality. (+4 MHP)
You are very clumsy. (Dex -4)
Your muscles are strong. (Str +4, Int/Dex -1)
You are occasionally teleported next to monsters.
Your spells are a little harder to cast, but a little more powerful.
You occasionally lose the ability to read scrolls when taking damage.


Message History

(N) Spider Nest (M) Slime Pits (O) Orcish Mines (E) Elven Halls (V) Vaults (C) Crypt (W) Tomb (U) Depths (H) Hell (Z) Zot
Where to? (* - list waypoints, Enter - D:1 @ (x,y), ? - help) HP restored.
There is an escape hatch in the ceiling here.
A mysterious force pulls you upwards. The hatch slams shut behind you.
You see here a +0 dagger.
You hear a grinding noise.
A cacodemon comes into view.
Casting: Fire Storm (dangerous; 2% risk of failure)
Confirm with . or Enter, or press ? or * to list all spells.
Aiming: Fire Storm (dangerous; 2% risk of failure)
Press: ? - help, Dir - move target, f - cacodemon
Aim: a cacodemon You feel a strong surge of power!
A raging storm of fire appears!
The great blast of fire engulfs the cacodemon!!!!
The cacodemon is severely wounded.
The cacodemon is engulfed in blazing flames.
Casting: Fire Storm (dangerous; 2% risk of failure)
Confirm with . or Enter, or press ? or * to list all spells.
Aiming: Fire Storm (dangerous; 2% risk of failure)
Press: ? - help, Dir - move target, p - cacodemon You feel a strong surge of power!
A raging storm of fire appears!
The great blast of fire engulfs the cacodemon!!!!
You kill the cacodemon!
Makhleb accepts your kill.
You feel better. Makhleb accepts your kill.
You feel better.
You feel a bit more experienced.
(D) Dungeon (T) Temple (L) Lair (A) Shoals (N) Spider Nest (M) Slime Pits (O) Orcish Mines (E) Elven Halls (V) Vaults (C) Crypt (W) Tomb (U) Depths (H) Hell (Z) Zot
Where to? (* - list waypoints, Enter - D:1 @ (x,y), ? - help) HP restored.
There is an escape hatch in the ceiling here.
A mysterious force pulls you upwards. The hatch slams shut behind you.
There is a staircase leading out of the dungeon here.
You have escaped!

................##.#.####.#####
###.........##..##.#..+..∩..'.#
######..##..##..##.#.####.###.#
...........##..###.#.#.##.##..#
######.##.##............#'#..##
#.#...#.#####.#.#.##....#
#...#.#.#####.#.#.#####.#
######.............#.#.# #.#
................@..#.#.# #.#
###.##...####'##.....#.# #.#
....##...##...##..####.# #.#
.........#.#'#.#...# #.# #.#
##..##...#.#≈#.'...###.# #.#
#..##...#.###.#...##..# #.#
##..##...##...##...##..# #.#
##..#....#######...##..#####.#
.#..#........................#


There were no monsters in sight!

Vanquished Creatures
  5 dread liches
  Khufu (Crypt:2)
  4 ancient liches
  12 orbs of fire
  A juggernaut (Depths:4)
  Josephina (Zot:1)
  21 royal mummies
  Bai Suzhen (Shoals:4)
  4 Killer Klowns (Zot:5)
  Saint Roka (Orc:2)
  Margery (Depths:3)
  3 curse toes
  8 golden dragons
  A caustic shrike (Depths:3)
  3 bone dragons
  Jory (Vaults:2)
  A Tzitzimitl (D:11)
  5 electric golems
  2 doom hounds (Crypt:2)
  An Ice Fiend (Depths:1)
  Asterion (Spider:4)
  17 tentacled monstrosities
  Grunn (Crypt:2)
  3 titans
  5 deep elf blademasters (Elf:3)
  25 Orb Guardians
  6 liches
  13 quicksilver dragons
  A walking divine tome (Depths:3)
  A walking frostbound tome (Depths:3)
  4 krakens
  5 deep elf master archers (Elf:3)
  11 sphinxes
  2 death cobs
  10 ancient champions
  5 tengu reavers
  8 tentacled starspawn (WizLab)
  18 storm dragons
  15 shadow dragons
  The ghost of Tyrphoec the Warrior, an adept DjSu of Hepliaklqana (Shoals:1)
  A fenstrider witch (shapeshifter) (Depths:3)
  8 draconian monks
  An azure jelly (shapeshifter) (Vaults:5)
  Donald (Crypt:2)
  2 revenants
  12 frost giants
  An iron dragon (Depths:3)
  5 fire giants
  7 deep elf sorcerers
  A caustic shrike zombie (Crypt:2)
  10 draconian knights
  7 draconian scorchers
  3 orc warlords
  5 cacodemons
  The ghost of GeoRichter the Spear-Bearer, a journeyman DsHu of Makhleb (Spider:1)
  5 draconian shifters
  7 emperor scorpions
  18 vault wardens
  2 deep elf elementalists (Elf:3)
  7 ghouls (Crypt:1)
  A spriggan defender (Depths:4)
  9 draconian stormcallers
  A demonspawn corrupter (Depths:2)
  5 ghost moths
  5 war gargoyles
  15 ironbound preservers
  2 curse skulls
  6 broodmothers
  8 draconian annihilators
  2 demonspawn blood saints (D:14)
  19 very ugly things
  3 ironbound thunderhulks
  21 stone giants
  A caustic shrike skeleton (Crypt:2)
  4 putrid mouths (Crypt:2)
  4 reapers
  8 deep elf annihilators
  10 green draconians
  8 vampire knights
  8 entropy weavers
  2 lorocyprocas
  6 deep elf demonologists
  10 purple draconians
  18 black draconians
  19 yellow draconians
  A bunyip (shapeshifter) (Vaults:5)
  11 dire elephants
  19 red draconians
  9 white draconians
  5 spark wasps
  2 demonspawn black suns
  14 ettins
  2 eidola
  A blizzard demon (D:14)
  9 merfolk impalers
  7 deep elf death magi
  6 mummy priests (Tomb:1)
  15 yaktaur captains
  10 merfolk javelineers
  6 jiangshi
  A deep elf high priest (Elf:3)
  A hydra (shapeshifter) (Vaults:5)
  7 great orbs of eyes
  2 hell beasts
  7 ice dragons
  4 rakshasas
  36 vault guards
  10 hydras
  7 boulder beetles
  Erolcha (D:12)
  4 death knights
  A jorogumo (Spider:3)
  3 spriggan air magi
  2 spriggan skeletons
  4 alligator snapping turtles
  2 radroaches
  Fannar (Lair:1)
  3 catoblepae (Lair:5)
  5 merfolk avatars
  16 two-headed ogres
  5 centaur warriors
  8 ironbound frosthearts
  3 ogre magi
  25 dancing weapons
  3 satyrs
  3 merfolk aquamancers
  4 tengu warriors
  A titan zombie (Crypt:2)
  6 deep troll shamans
  An azure jelly zombie (Crypt:2)
  19 death yaks
  5 orc high priests
  29 death scarabs (Tomb:1)
  A fenstrider witch skeleton (Crypt:1)
  11 deep troll earth magi
  7 spriggan berserkers
  Sonja (Orc:2)
  8 vampire magi
  2 soul eaters
  25 hell knights
  12 deep elf knights
  3 naga sharpshooters (Depths:3)
  2 storm dragon zombies
  A fire crab (shapeshifter) (Vaults:5)
  5 sixfirhies
  6 iron trolls
  4 pharaoh ants
  Amaemon (Lair:2)
  54 skeletal warriors
  4 sun moths
  5 glowing orange brains
  5 flayed ghosts
  9 starcursed masses (WizLab)
  13 sea snakes
  47 deep trolls
  8 orb spiders
  A bog body (Crypt:1)
  4 spectral merfolk (Shoals:1)
  The ghost of vvl the Digger, a novice OpEE of Vehumet (D:7)
  A shadow demon (D:13)
  A steelbarb worm (shapeshifter) (Depths:2)
  15 deep elf archers
  An orange crystal statue (Crypt:1)
  5 steelbarb worms
  2 shadow dragon zombies
  23 deep elf pyromancers
  10 wizards
  A spriggan simulacrum (Tomb:1)
  16 harpies
  A sphinx zombie (Vaults:3)
  16 necromancers
  18 wolf spiders
  Pikel (D:5)
  6 phantasmal warriors
  20 ironbound convokers
  4 orc knights
  5 orc sorcerers
  10 lindwurms
  9 cyclopes
  26 deep elf zephyrmancers
  2 frost giant zombies (Depths:2)
  29 ugly things
  18 fauns
  A shadow dragon skeleton (Crypt:3)
  26 moths of wrath
  7 merfolk sirens
  17 manticores
  An iron dragon skeleton (Vaults:3)
  2 centaur zombies
  A frost giant skeleton (Vaults:4)
  8 elephants
  A stone giant skeleton (Vaults:4)
  2 guardian serpents (Depths:3)
  4 black mambas
  A guardian serpent (shapeshifter) (Vaults:5)
  12 vault sentinels
  6 eyes of devastation (WizLab)
  A dire elephant zombie (Crypt:2)
  6 gargoyles
  An orange demon (Lair:2)
  11 cane toads
  2 storm dragon simulacra (Zot:1)
  2 torpor snails
  3 dire elephant skeletons (Crypt:3)
  9 water nymphs
  A smoke demon (Zot:4)
  2 centaur skeletons
  A spectral sea snake (Shoals:1)
  3 rime drakes
  An ice devil (Depths:2)
  5 demonic crawlers
  2 kobold demonologists
  14 komodo dragons
  2 hellwings
  61 yaktaurs
  10 freezing wraiths
  5 tengu conjurers
  A harpy zombie (Crypt:3)
  A human skeleton (Vaults:4)
  A ghost moth simulacrum (Zot:1)
  2 red devils (Crypt:3)
  A hydra zombie (Crypt:3)
  A meliai (Lair:3)
  A pale draconian skeleton (Crypt:2)
  A queen bee (Lair:3)
  8 guardian mummies (Tomb:1)
  33 merfolk
  3 polar bears
  3 trolls
  A moth of wrath zombie (Crypt:2)
  19 tarantellas
  3 wind drakes
  5 hornets
  3 harpy skeletons
  25 blink frogs
  56 slime creatures
  2 ettin zombies
  Grinder (D:3)
  A hydra skeleton (Crypt:3)
  A slime creature (shapeshifter) (Depths:3)
  14 culicivoras
  13 snapping turtles
  17 dream sheep
  3 air elementals
  A jumping spider zombie (Crypt:2)
  7 shadows
  An ice dragon skeleton (Crypt:2)
  15 jumping spiders
  3 spriggans
  18 flying skulls (Tomb:1)
  A ynoxinul (Depths:2)
  2 large abominations (Elf:1)
  2 ettin skeletons
  2 fire elementals (Elf:3)
  2 naga simulacra
  5 ushabtiu (Tomb:1)
  6 vampires
  19 water elementals
  2 golden eyes (WizLab)
  2 wyverns
  10 wraiths
  56 yaks
  2 humans
  Eustachio (D:4)
  A human simulacrum (Vaults:3)
  A yellow draconian simulacrum (Zot:1)
  65 redbacks
  A basilisk (D:11)
  A steam dragon (shapeshifter) (Vaults:5)
  3 vampire mosquitoes (D:14)
  2 chaos spawn (Depths:2)
  Edmund (D:6)
  2 wargs
  14 water moccasins
  An acid dragon (D:10)
  2 glowing shapeshifter zombies (Depths:2)
  3 floating eyes
  2 swamp worms (shapeshifter)
  A moth of wrath simulacrum (Zot:1)
  A glowing shapeshifter skeleton (Depths:2)
  A floating eye (shapeshifter) (D:15)
  2 ice beasts (D:7)
  An ettin simulacrum (Crypt:2)
  A sky beast (D:6)
  An elf simulacrum (Vaults:3)
  31 orc warriors
  4 black bears
  10 wolves
  21 ogres
  10 centaurs
  2 swamp dragon skeletons
  2 lemures (D:5)
  2 phantoms (D:6)
  A kobold brigand (D:8)
  An elf zombie (Elf:1)
  A bullfrog (shapeshifter) (Vaults:5)
  2 merfolk simulacra (Shoals:1)
  An earth elemental (Elf:2)
  2 gnoll sergeants
  4 necrophages
  12 bullfrogs
  2 scorpions
  A draconian skeleton (Crypt:2)
  17 wights
  2 queen bee zombies
  38 killer bees
  A manticore simulacrum (Shoals:1)
  2 snapping turtle simulacra (Shoals:1)
  A polar bear skeleton (Crypt:1)
  7 howler monkeys
  An electric eel (Lair:1)
  2 lava snakes (Lair:1)
  A wyvern simulacrum (D:7)
  A quasit (D:6)
  5 hounds
  4 jellies
  A gnoll bouda (D:7)
  17 orc priests
  Jessica (D:3)
  3 iguanas
  Ijyb (D:3)
  27 orc wizards
  A black bear skeleton (Crypt:1)
  A deep dwarf zombie (Crypt:2)
  A bullfrog simulacrum (D:7)
  2 tengu zombies
  A killer bee simulacrum (D:7)
  23 mummies (Tomb:1)
  Robin (D:2)
  15 gnolls
  6 adders
  5 shadow imps
  5 white imps
  4 ufetubi (D:6)
  A worm (D:5)
  An adder skeleton (Crypt:1)
  A dart slug (D:2)
  96 orcs
  9 ball pythons
  5 endoplasms
  3 giant cockroaches
  17 goblins
  11 hobgoblins
  4 jackals (D:1)
  17 kobolds
  3 quokkas
  6 bats
  A frilled lizard (D:1)
  A frilled lizard skeleton (Crypt:1)
  A jackal skeleton (Crypt:2)
  5 rats
  A bush (Lair:3)
  2 plants (Shoals:4)
  12 starspawn tentacles (WizLab)
  3 tentacles
  3 withered plants (Crypt:3)
2578 creatures vanquished.

Vanquished Creatures (collateral kills)
  A royal mummy (Tomb:1)
  3 golden dragons
  A lich (Depths:1)
  An Orb Guardian (Zot:5)
  A moon troll (WizLab)
  A sphinx (Depths:3)
  3 storm dragons
  2 shadow dragons
  8 fire giants
  A very ugly thing (Depths:1)
  A stone giant (Depths:2)
  A spark wasp (Depths:2)
  2 red draconians
  2 white draconians
  3 crystal guardians (WizLab)
  4 fire dragons
  A vault guard (Vaults:3)
  A deep troll shaman (Depths:3)
  3 dancing weapons
  A spriggan berserker (Depths:2)
  7 hell knights
  4 iron trolls
  An orange crystal statue (WizLab)
  A glowing orange brain (WizLab)
  2 orb spiders (Spider:4)
  3 deep elf pyromancers (Elf:2)
  2 deep elf zephyrmancers (Elf:2)
  2 ugly things (Vaults:1)
  A faun (shapeshifter) (Depths:3)
  A manticore (Shoals:4)
  A moth of wrath (Zot:4)
  2 smoke demons (Crypt:3)
  A yaktaur (Vaults:1)
  An efreet (D:13)
  4 red devils (Crypt:3)
  A jumping spider (Spider:4)
  2 fire elementals
  3 neqoxecs (WizLab)
  4 golden eyes (WizLab)
  An earth elemental (Elf:2)
  A mummy (Tomb:1)
  A foxfire (Shoals:4)
87 creatures vanquished.

Vanquished Creatures (others)
  A death cob (Zot:2)
  2 fire giants (Depths:2)
  2 dancing weapons
  A hound (D:7)
  An orc (D:7)
  9 demonic plants
  292 fire vortices
  742 foxfires
  43 fungi
  157 plants
  13 starspawn tentacles (WizLab)
  17 tentacles
  4 toadstools (D:4)
  39 withered plants (Crypt:3)
1323 creatures vanquished.

Grand Total: 3988 creatures vanquished

Notes
Turn   | Place    | Note
-------+----------+-------------------------------------------
     0 | D:1      | LSt the Djinni Fire Elementalist began the quest for the
                  | Orb.
     0 | D:1      | LSt set off with the following spells memorised: Foxfire,
                  | Scorch, Conjure Flame, Inner Flame, Flame Wave.
     0 | D:1      | Reached XP level 1. HP: 15/15 MP: 0/0
    79 | D:1      | Found a faded altar of an unknown god.
   223 | D:1      | Reached XP level 2. HP: 15/21 MP: 0/0
   851 | D:1      | Reached XP level 3. HP: 22/25 MP: 0/0
   851 | D:1      | Learned a level 1 spell: Magic Dart
   861 | D:1      | Found Zitit's Assorted Antiques.
  1026 | D:1      | Found Kacveism's Antique Armour Shoppe.
  1283 | D:1      | Found Onlodes's Book Shoppe.
  1460 | D:2      | Identified the +0 leather armour of Lesser Demons {Will+
                  | Dex+2}
  1700 | D:2      | Noticed Robin
  1706 | D:2      | Killed Robin
  1707 | D:2      | Reached XP level 4. HP: 19/31 MP: 0/0
  2979 | D:3      | Noticed Ijyb
  2989 | D:3      | Killed Ijyb
  2990 | D:3      | Reached XP level 5. HP: 19/35 MP: 0/0
  2990 | D:3      | Learned a level 2 spell: Poisonous Vapours
  3418 | D:3      | Noticed Grinder
  3442 | D:3      | Killed Grinder
  3443 | D:3      | Reached skill level 1 in Fighting
  3443 | D:3      | Reached skill level 5 in Spellcasting
  3443 | D:3      | Reached XP level 6. HP: 33/42 MP: 0/0
  3925 | D:3      | Noticed Jessica
  3942 | D:3      | Killed Jessica
  3943 | D:3      | Reached XP level 7. HP: 42/47 MP: 0/0
  3943 | D:3      | Learned a level 3 spell: Tukima's Dance
  4527 | D:4      | Found a staircase to the Ecumenical Temple.
  4536 | Temple   | Entered the Ecumenical Temple
  4744 | Temple   | Became a worshipper of Makhleb the Destroyer
  4755 | D:4      | Noticed Eustachio
  5040 | D:4      | Found a broken altar of Ashenzari.
  5369 | D:4      | Killed Eustachio
  5557 | D:5      | Entered Level 5 of the Dungeon
  5707 | D:5      | Reached XP level 8. HP: 50/54 MP: 0/0
  5742 | D:5      | Found a glowing silver altar of Zin.
  6038 | D:5      | Found a shimmering altar of Xom.
  6593 | D:5      | Noticed Pikel
  6658 | D:5      | Killed Pikel
  6805 | D:5      | Reached XP level 9. HP: 55/58 MP: 0/0
  6805 | D:5      | Learned a level 4 spell: Dispel Undead
  7061 | D:6      | Reached * piety under Makhleb
  7212 | D:6      | Noticed Edmund
  7297 | D:6      | Killed Edmund
  7633 | D:6      | Found a sacrificial altar of Ru.
  8244 | D:7      | Found an ornate altar of the Wu Jian Council.
  8409 | D:7      | Reached ** piety under Makhleb
  8734 | D:7      | Found a runed translucent gate.
  8734 | D:7      | Found a runed translucent gate.
  8734 | D:7      | Found a runed translucent gate.
  8762 | D:7      | Noticed vvl's ghost (novice OpEE)
  8817 | D:7      | Reached XP level 10. HP: 63/67 MP: 0/0
  9264 | D:7      | Killed vvl's ghost
  9541 | D:8      | Found Cheibriados's Comfort Zone.
  9545 | D:8      | Found a snail-covered altar of Cheibriados.
  9887 | D:8      | Reached *** piety under Makhleb
 10548 | D:9      | Reached skill level 10 in Spellcasting
 10732 | D:9      | Reached XP level 11. HP: 67/73 MP: 0/0
 10732 | D:9      | Learned a level 4 spell: Sticky Flame
 11032 | D:9      | Found a staircase to the Orcish Mines.
 11104 | D:9      | Reached **** piety under Makhleb
 11527 | D:10     | Entered Level 10 of the Dungeon
 12522 | D:11     | Noticed a boulder beetle
 12664 | D:11     | Found a staircase to the Lair.
 12729 | D:11     | Noticed a boulder beetle
 12786 | D:11     | Noticed a seven-headed hydra
 12868 | D:11     | Reached skill level 5 in Fighting
 12998 | D:11     | Killed a seven-headed hydra
 13003 | D:11     | Killed a boulder beetle
 13004 | D:11     | Reached XP level 12. HP: 26/81 MP: 0/0
 13279 | D:11     | Killed a boulder beetle
 13636 | D:11     | Noticed a tengu warrior
 13637 | D:11     | Reached skill level 10 in Dodging
 13638 | D:11     | Noticed an ogre mage
 13638 | D:11     | Killed a tengu warrior
 13648 | D:11     | Killed an ogre mage
 13720 | Lair:1   | Entered Level 1 of the Lair of Beasts
 13774 | Lair:1   | Noticed a five-headed hydra
 13784 | Lair:1   | Killed a five-headed hydra
 13932 | Lair:1   | Noticed Fannar
 13969 | Lair:1   | Reached ***** piety under Makhleb
 13969 | Lair:1   | Noticed a seven-headed hydra
 13979 | Lair:1   | Killed a seven-headed hydra
 14311 | D:11     | Noticed a four-headed hydra
 14320 | D:11     | Killed a four-headed hydra
 14321 | D:11     | Reached XP level 13. HP: 83/87 MP: 0/0
 14321 | D:11     | Learned a level 5 spell: Summon Mana Viper
 14379 | D:11     | Identified the +8 rapier "Reennargh" {speed, rPois rN+
                  | Stlth-}
 14407 | D:11     | Noticed a seven-headed hydra
 14415 | D:11     | Killed a seven-headed hydra
 14416 | D:11     | Reached skill level 5 in Stealth
 14750 | D:1      | Bought a dull robe for 131 gold pieces
 14750 | D:1      | Identified the +0 robe "Miss" {Fly rC+ Dex-3 Archmagi} (You
                  | bought it in a shop on level 1 of the Dungeon)
 15033 | Orc:1    | Entered Level 1 of the Orcish Mines
 16601 | D:12     | Noticed Erolcha
 16612 | D:12     | Killed Erolcha
 16885 | D:12     | Identified a scroll of acquirement
 17014 | D:12     | Reached XP level 14. HP: 92/98 MP: 0/0
 17198 | D:12     | Found a portal to a secret trove of treasure.
 17301 | D:12     | Acquired the ring "Jaunylogg" {rF+ rC+ Int-2 Stlth+}
 17495 | Lair:1   | Killed Fannar
 18424 | Lair:2   | Identified the +5 ring mail of the Jolly Orbs {Stlth+}
 18483 | Lair:2   | Noticed Amaemon
 18791 | Lair:2   | Killed Amaemon
 20034 | Lair:3   | Found a hole to the Spider Nest.
 20191 | Lair:3   | Reached ****** piety under Makhleb
 20424 | Lair:3   | Reached XP level 15. HP: 105/106 MP: 0/0
 20424 | Lair:3   | Learned a level 6 spell: Starburst
 20813 | Lair:3   | Found a staircase to the Shoals.
 21619 | Lair:4   | Found a dark tunnel.
 21630 | Volcano  | Entered a volcano
 22337 | Lair:5   | Entered Level 5 of the Lair of Beasts
 22529 | Lair:5   | Reached skill level 15 in Spellcasting
 22997 | Lair:5   | Found a staircase to the Slime Pits.
 23791 | Lair:5   | Reached XP level 16. HP: 106/112 MP: 0/0
 26414 | D:14     | Found a gate to the Vaults.
 26730 | Orc:2    | Entered Level 2 of the Orcish Mines
 27497 | Orc:2    | Noticed Sonja
 27509 | Orc:2    | Found Rizereav's Book Shop.
 27550 | Orc:2    | Killed Sonja
 27680 | Orc:2    | Found Qigroiw's Assorted Antiques.
 27775 | Orc:2    | Found a staircase to the Elven Halls.
 27842 | Orc:2    | Found Animuy's Book Shop.
 28200 | Orc:2    | Noticed Saint Roka
 28292 | Orc:2    | Killed Saint Roka
 28293 | Orc:2    | Reached skill level 10 in Fighting
 28565 | Orc:2    | Found Arir's Antique Armour Shop.
 28567 | Orc:2    | Found Pagamuas's Antique Weapon Boutique.
 28627 | Orc:2    | Bought an embroidered scarf for 184 gold pieces
 28816 | D:15     | Entered Level 15 of the Dungeon
 29181 | D:15     | Reached skill level 15 in Dodging
 29720 | D:15     | Reached XP level 17. HP: 92/120 MP: 0/0
 29720 | D:15     | Learned a level 6 spell: Eringya's Noxious Bog
 30081 | D:15     | Found a staircase to the Depths.
 30441 | Spider:1 | Entered Level 1 of the Spider Nest
 30745 | Spider:1 | Found a runed translucent door.
 30745 | Spider:1 | Noticed GeoRichter's ghost (journeyman DsHu)
 34238 | Spider:3 | Reached XP level 18. HP: 121/130 MP: 0/0
 35314 | Spider:4 | Entered Level 4 of the Spider Nest
 35525 | Spider:4 | Identified the +1 ring mail "Femudeun" {Str-4 Dex-5 Slay+4
                  | SInv}
 36483 | Spider:4 | Noticed Asterion
 36634 | Spider:4 | Killed Asterion
 36764 | Spider:4 | Got a gossamer rune of Zot
 37073 | Shoals:1 | Entered Level 1 of the Shoals
 37255 | Shoals:1 | Found a runed translucent gate.
 37255 | Shoals:1 | Found a runed translucent gate.
 37255 | Shoals:1 | Found a runed translucent gate.
 37256 | Shoals:1 | Noticed Tyrphoec's ghost (adept DjSu)
 37798 | Shoals:1 | Found Fuolo's Assorted Antiques.
 38495 | Shoals:1 | Killed Tyrphoec's ghost
 38536 | Shoals:2 | Found a flickering gateway to a bazaar.
 38603 | Bazaar   | Entered a bazaar
 38603 | Bazaar   | Found Horucwir's Distillery.
 38692 | Bazaar   | Found Dagok's Assorted Antiques.
 38727 | Bazaar   | Found Ehoirghojol's Book Shop.
 38740 | Bazaar   | Found Feim's Book Shop.
 38776 | Bazaar   | Bought a steel ring for 85 gold pieces
 38780 | Bazaar   | Bought a potion of mutation for 136 gold pieces
 38780 | Bazaar   | Bought a potion of heal wounds for 85 gold pieces
 38780 | Bazaar   | Bought a scroll of blinking for 127 gold pieces
 38787 | Bazaar   | Bought a potion of haste for 100 gold pieces
 38787 | Bazaar   | Bought a potion of resistance for 100 gold pieces
 38789 | Bazaar   | Bought a potion of brilliance for 40 gold pieces
 38996 | Shoals:2 | Noticed a kraken
 39153 | Shoals:2 | Reached XP level 19. HP: 137/139 MP: 0/0
 39153 | Shoals:2 | Learned a level 7 spell: Monstrous Menagerie
 40275 | Shoals:3 | Found Paty's Book Shop.
 40470 | Shoals:3 | Reached skill level 10 in Stealth
 41362 | Shoals:4 | Entered Level 4 of the Shoals
 41701 | Shoals:4 | Noticed Bai Suzhen
 41711 | Shoals:4 | Killed Bai Suzhen
 42634 | Shoals:4 | Reached XP level 20. HP: 122/148 MP: 0/0
 42831 | Shoals:4 | Got a barnacled rune of Zot
 43228 | Shoals:4 | Found the necklace of Bloodlust {*Rage Will++ Int-3 Slay+6}
 43651 | Shoals:1 | Bought the +4 skin of Zhor {*Englaciate rC+++ SInv} for
                  | 1263 gold pieces
 43651 | Shoals:1 | Found the +4 skin of Zhor {*Englaciate rC+++ SInv}
 43992 | Vaults:1 | Entered Level 1 of the Vaults
 44337 | Vaults:1 | Reached skill level 15 in Fighting
 46155 | Vaults:2 | Reached XP level 21. HP: 140/157 MP: 0/0
 46155 | Vaults:2 | Learned a level 8 spell: Borgnjor's Revivification
 46848 | Vaults:2 | Noticed Jory
 47179 | Vaults:2 | Killed Jory
 47322 | Vaults:2 | Identified the +2 dagger "Vavvik" {holy, rElec Str+6}
 48068 | Vaults:3 | Found a staircase to the Crypt.
 49251 | Vaults:3 | Reached XP level 22. HP: 164/164 MP: 0/0
 50325 | Vaults:4 | Found a magical portal.
 50343 | WizLab   | Entered Lehudib's Moon Base
 51193 | WizLab   | Gained mutation: Your body sometimes deteriorates upon
                  | taking damage. [a neqoxec]
 51456 | WizLab   | Found a transporter.
 51829 | WizLab   | Gained mutation: Armour fits poorly on your strangely
                  | shaped body. [a neqoxec]
 52046 | WizLab   | Found a transporter.
 52159 | WizLab   | Identified the ring of Toedocs {rF+++ AC+4 Str+6}
 52504 | WizLab   | Identified the ring of Qoirchuac {rN+ Will+ Int+2}
 52973 | Spider:1 | Killed GeoRichter's ghost
 53102 | Shoals:1 | Lost mutation: Armour fits poorly on your strangely shaped
                  | body. [potion of mutation]
 53102 | Shoals:1 | Lost mutation: Your body sometimes deteriorates upon taking
                  | damage. [potion of mutation]
 53102 | Shoals:1 | Gained mutation: Your spells are a little harder to cast,
                  | but a little more powerful. [potion of mutation]
 53758 | Vaults:4 | Identified the +3 scimitar of Lust {vamp, +Blink rPois
                  | Dex+2}
 54763 | Depths:1 | Entered Level 1 of the Depths
 55216 | Depths:1 | Reached XP level 23. HP: 97/169 MP: 0/0
 55216 | Depths:1 | Learned a level 7 spell: Summon Hydra
 55765 | Depths:1 | Found a gateway to Hell.
 55928 | Depths:1 | Found a one-way gateway to a ziggurat.
 56102 | Depths:1 | Found Baunee's Magic Scroll Shop.
 58358 | Depths:2 | Found a hide-covered altar of Uskayaw.
 58846 | Depths:2 | Noticed a golden dragon
 59322 | Depths:2 | Found a one-way gate leading to the halls of Pandemonium.
 59783 | Depths:2 | Killed a golden dragon
 60226 | Depths:3 | Noticed a caustic shrike
 60234 | Depths:3 | Killed a caustic shrike
 60452 | Depths:3 | Reached XP level 24. HP: 116/177 MP: 0/0
 60656 | Depths:3 | Found a one-way gate to the infinite horrors of the Abyss.
 60860 | Depths:3 | Identified the ring of Hoicasch {Ice Contam Str+7 Dex-4}
 61231 | Depths:3 | Found an opulent altar of Gozag.
 61283 | Depths:3 | Found a transporter.
 61610 | Depths:3 | Noticed Margery
 61612 | Depths:3 | Identified the ring "Nyzxeaz" {Wiz Dex+3}
 61616 | Depths:3 | Killed Margery
 61731 | Depths:3 | Identified the +1 pair of gloves of the Dwarven Hall
                  | {+Blink Str+2}
 61865 | Depths:3 | Noticed a golden dragon
 61906 | Depths:3 | Killed a golden dragon
 62073 | Depths:3 | Paralysed by a floating eye for 2 turns
 62101 | Depths:3 | Noticed a golden dragon
 62111 | Depths:3 | Killed a golden dragon
 62222 | Depths:3 | Identified the ring of Builu {Drain rC++ rN+ rCorr Int+6}
 62301 | Depths:3 | Found a transporter.
 62363 | Depths:3 | Found a glowing golden altar of the Shining One.
 62790 | D:12     | You paid a toll of +3 shadow dragon scales to enter a
                  | treasure trove
 62791 | Trove    | Entered a treasure trove
 62803 | Trove    | Identified the -1 kite shield "Dirupou" {Harm rPois Dex-5
                  | Slay+2}
 62805 | Trove    | Identified the +3 pair of gloves of the Great Game {rF-
                  | rN+++ rCorr Int-4}
 62808 | Trove    | Identified the +7 chain mail of Charity {Regen+}
 62810 | Trove    | Identified the +0 pair of gloves "Daer" {rC- Will+++ Int+3
                  | Stlth+}
 62812 | Trove    | Identified the +0 pair of gloves "Lagora" {Fly Will- MP+9
                  | Int+5 Slay+2}
 62813 | Trove    | Identified the +0 hat of Death Resistance {Str+3}
 63044 | Crypt:1  | Entered Level 1 of the Crypt
 63424 | Crypt:1  | Found a transporter.
 63428 | Crypt:1  | Noticed an ancient lich
 63431 | Crypt:1  | Found a transporter.
 64275 | Crypt:2  | Noticed Donald
 64279 | Crypt:2  | Killed Donald
 64481 | Crypt:2  | Reached XP level 25. HP: 184/187 MP: 0/0
 64481 | Crypt:2  | Learned a level 9 spell: Shatter
 65156 | Crypt:1  | Killed an ancient lich
 65371 | Crypt:1  | Identified the ring of Feexedgho {Fly Will- AC+4 Str+3}
 65650 | Crypt:2  | Noticed a royal mummy
 66169 | Crypt:2  | Noticed Grunn
 66174 | Crypt:2  | Killed Grunn
 66550 | Crypt:1  | Found a basalt altar of Yredelemnul.
 66700 | Crypt:2  | Noticed Khufu
 66706 | Crypt:2  | Killed Khufu
 66709 | Crypt:2  | Noticed a royal mummy
 66710 | Crypt:2  | Killed a royal mummy
 66711 | Crypt:2  | Noticed a royal mummy
 67080 | Crypt:2  | Killed a royal mummy
 67266 | Crypt:2  | Killed a royal mummy
 67603 | Crypt:3  | Entered Level 3 of the Crypt
 68496 | Crypt:3  | Identified the ring "Pugehaihes" {Ice Str+4 Int+2}
 68938 | Crypt:3  | Found the +8 Vampire's Tooth {vamp}
 69082 | Crypt:3  | Identified the +7 trident "Magyris" {drain, Int+5}
 69086 | Crypt:3  | Identified the +2 glaive "Heshram" {venom, Int+3}
 69297 | Crypt:3  | Found a staircase to the Tomb.
 69578 | Crypt:3  | Noticed a dread lich
 69582 | Crypt:3  | Killed a dread lich
 69584 | Crypt:3  | Noticed a dread lich
 69586 | Crypt:3  | Killed a dread lich
 69587 | Crypt:3  | Reached XP level 26. HP: 193/193 MP: 0/0
 69837 | Tomb:1   | Entered Level 1 of the Tomb of the Ancients
 70194 | Tomb:1   | Noticed a royal mummy
 70197 | Tomb:1   | Noticed a royal mummy
 70198 | Tomb:1   | Killed a royal mummy
 70198 | Tomb:1   | Noticed a royal mummy
 70198 | Tomb:1   | Noticed a royal mummy
 70200 | Tomb:1   | Killed a royal mummy
 70201 | Tomb:1   | Killed a royal mummy
 70202 | Tomb:1   | Killed a royal mummy
 70542 | Tomb:1   | Noticed a royal mummy
 70544 | Tomb:1   | Noticed a royal mummy
 70544 | Tomb:1   | Noticed a royal mummy
 70547 | Tomb:1   | Killed a royal mummy
 70547 | Tomb:1   | Killed a royal mummy
 70547 | Tomb:1   | Killed a royal mummy
 71399 | Tomb:1   | Noticed a royal mummy
 71403 | Tomb:1   | Killed a royal mummy
 71407 | Tomb:1   | Noticed a royal mummy
 71474 | Tomb:1   | Killed a royal mummy
 71726 | Tomb:1   | Noticed a royal mummy
 71730 | Tomb:1   | Killed a royal mummy
 71853 | Tomb:1   | Noticed a royal mummy
 71856 | Tomb:1   | Killed a royal mummy
 72116 | Tomb:1   | Noticed a royal mummy
 72119 | Tomb:1   | Killed a royal mummy
 72509 | Tomb:1   | Noticed a royal mummy
 72513 | Tomb:1   | Killed a royal mummy
 72877 | Tomb:1   | Noticed a royal mummy
 72896 | Tomb:1   | Noticed a royal mummy
 72897 | Tomb:1   | Killed a royal mummy
 72898 | Tomb:1   | Killed a royal mummy
 73404 | Depths:4 | Entered Level 4 of the Depths
 73762 | Depths:4 | Noticed a juggernaut
 73766 | Depths:4 | Killed a juggernaut
 74644 | Depths:4 | Found a gate to the Realm of Zot.
 74783 | Depths:4 | Found a shadowy altar of Dithmenos.
 74785 | Depths:4 | Found a shimmering altar of Xom.
 74785 | Depths:4 | Found a blossoming altar of Fedhas.
 74787 | Depths:4 | Found an opulent altar of Gozag.
 74787 | Depths:4 | Found a burning altar of Makhleb.
 74787 | Depths:4 | Found a snail-covered altar of Cheibriados.
 75446 | Tomb:1   | Reached XP level 27. HP: 200/200 MP: 0/0
 75446 | Tomb:1   | Learned a level 9 spell: Fire Storm
 75464 | Tomb:1   | Reached skill level 27 in Spellcasting
 75492 | Tomb:1   | Noticed a royal mummy
 75494 | Tomb:1   | Killed a royal mummy
 75674 | Tomb:1   | Noticed a royal mummy
 75676 | Tomb:1   | Killed a royal mummy
 75677 | Tomb:1   | Noticed a royal mummy
 75678 | Tomb:1   | Noticed a royal mummy
 75680 | Tomb:1   | Killed a royal mummy
 75680 | Tomb:1   | Killed a royal mummy
 77362 | Elf:1    | Entered Level 1 of the Elven Halls
 77442 | Elf:1    | Found Kurokhaa's Book Emporium.
 77607 | Elf:1    | Found Xiwuk's Jewellery Emporium.
 77659 | Elf:1    | Found Guessit's Antique Weapon Boutique.
 77979 | Elf:1    | Found Igeanix's Antique Armour Emporium.
 78002 | Elf:1    | Found Siyconoq's Jewellery Emporium.
 78316 | Elf:2    | Found a transporter.
 78318 | Elf:2    | Found a transporter.
 78625 | Elf:2    | Found a runed translucent gate.
 78626 | Elf:2    | Found a runed translucent gate.
 78627 | Elf:2    | Found a runed translucent gate.
 78673 | Elf:2    | Found a transporter.
 78726 | Elf:2    | Found a transporter.
 78772 | Elf:2    | Found a transporter.
 78778 | Elf:2    | Found a transporter.
 79705 | Elf:3    | Entered Level 3 of the Elven Halls
 80452 | Elf:3    | Identified the +2 ring mail "Isuac" {-Tele Int+6}
 80499 | Elf:3    | Identified the +8 spear "Costryday" {vorpal, rPois rC+}
 80530 | Elf:3    | Identified the +9 mace of Subjectivity {elec, rPois rF-
                  | Dex+3}
 80530 | Elf:3    | Identified the ring of Darkness {rN+ Will+ AC+4 Int+4}
 80547 | Elf:3    | Identified the amulet "Omiy" {Fly rPois rF+ Regen+}
 80548 | Elf:3    | Identified the +8 hand axe of Tueduv {antimagic, rN+ rCorr}
 80560 | Elf:3    | Identified the +9 sling of the Extremes {freeze, rPois rC+
                  | Str-4}
 81029 | Vaults:5 | Entered Level 5 of the Vaults
 81051 | Vaults:5 | Noticed a dread lich
 81054 | Vaults:5 | Killed a dread lich
 81104 | Vaults:5 | Identified the ring of Ruylid {rF- AC+4 Str+5}
 81107 | Vaults:5 | Identified the ring "Genubien" {Wiz Dex+2 Stlth+}
 81416 | Vaults:5 | Identified the +6 dagger of Disorder {flame, *Noise rN+
                  | Will+}
 81446 | Vaults:5 | Identified the +7 rapier "Cutugg" {vorpal, rElec rPois rF-}
 81992 | Vaults:5 | Got a silver rune of Zot
 82560 | Zot:1    | Entered Level 1 of the Realm of Zot
 82912 | Zot:1    | Identified the ring of Taeriv {Ice rElec}
 82912 | Zot:1    | Noticed Josephina
 82914 | Zot:1    | Killed Josephina
 83111 | Zot:1    | Found Axiboiso's Changing Room.
 83120 | Zot:1    | Noticed an orb of fire
 83137 | Zot:1    | Killed an orb of fire
 84660 | Zot:2    | Found the +12 glaive of Prune {vorpal}
 84898 | Zot:3    | Found the +3 hat of Pondering {ponderous, Will+ MP+10
                  | Int+5}
 84961 | Zot:3    | Found a transporter.
 85383 | Zot:3    | Found a transporter.
 85626 | Zot:3    | Identified the +1 chain mail of the Seven Planets {rC+
                  | rCorr}
 85967 | Zot:3    | Noticed a dread lich
 85971 | Zot:3    | Killed a dread lich
 86311 | Zot:3    | Identified the amulet "Xuazxip" {Faith Int+3}
 86337 | Zot:3    | Identified the +6 arbalest "Ygrudghei" {freeze, rF++ Str+6}
 86364 | Zot:3    | Identified the ring "Vecueroj" {Str+6 Dex+3}
 86464 | Zot:4    | Reached skill level 27 in Dodging
 86925 | Zot:5    | Entered Level 5 of the Realm of Zot
 86925 | Zot:5    | Noticed a Killer Klown
 86927 | Zot:5    | Killed a Killer Klown
 87545 | Zot:5    | Noticed a Killer Klown
 87547 | Zot:5    | Killed a Killer Klown
 87554 | Zot:5    | Noticed an orb of fire
 87556 | Zot:5    | Noticed an orb of fire
 87558 | Zot:5    | Gained mutation: You occasionally lose the ability to read
                  | scrolls when taking damage. [an orb of fire]
 87558 | Zot:5    | Gained mutation: You occasionally shout uncontrollably at
                  | your foes. [an orb of fire]
 87565 | Zot:5    | Noticed an orb of fire
 87568 | Zot:5    | Gained mutation: You have hidden genetic defects. [an orb
                  | of fire]
 87569 | Zot:5    | Noticed an ancient lich
 87569 | Zot:5    | Gained mutation: You are clumsy. (Dex -2) [an orb of fire]
 87570 | Zot:5    | Gained mutation: You are occasionally teleported next to
                  | monsters. [an orb of fire]
 87571 | Zot:5    | Killed an orb of fire
 87571 | Zot:5    | Noticed an ancient lich
 87572 | Zot:5    | Gained mutation: Your body sometimes deteriorates upon
                  | taking damage. [an orb of fire]
 87574 | Zot:5    | Killed an ancient lich
 87575 | Zot:5    | Killed an orb of fire
 87575 | Zot:5    | Killed an orb of fire
 87575 | Zot:5    | Killed an ancient lich
 87575 | Zot:5    | Noticed an orb of fire
 87580 | Zot:5    | Gained mutation: You are very clumsy. (Dex -4) [an orb of
                  | fire]
 87583 | Zot:5    | Killed an orb of fire
 87599 | Zot:4    | Lost mutation: You have hidden genetic defects. [potion of
                  | mutation]
 87599 | Zot:4    | Lost mutation: You occasionally shout uncontrollably at
                  | your foes. [potion of mutation]
 87599 | Zot:4    | Lost mutation: Your body sometimes deteriorates upon taking
                  | damage. [potion of mutation]
 87599 | Zot:4    | Gained mutation: Your muscles are strong. (Str +4, Int/Dex
                  | -1) [potion of mutation]
 87736 | Zot:5    | Noticed a Killer Klown
 87738 | Zot:5    | Killed a Killer Klown
 87740 | Zot:5    | Noticed an orb of fire
 87749 | Zot:5    | Killed an orb of fire
 87763 | Zot:5    | Noticed an orb of fire
 87766 | Zot:5    | Killed an orb of fire
 87864 | Zot:5    | Noticed an orb of fire
 87868 | Zot:5    | Killed an orb of fire
 87884 | Zot:5    | Noticed a dread lich
 87886 | Zot:5    | Killed a dread lich
 87922 | Zot:5    | Noticed an ancient lich
 87924 | Zot:5    | Killed an ancient lich
 87974 | Zot:5    | Noticed an orb of fire
 87975 | Zot:5    | Noticed an orb of fire
 87979 | Zot:5    | Killed an orb of fire
 87980 | Zot:5    | Killed an orb of fire
 87981 | Zot:5    | Reached skill level 27 in Fighting
 87985 | Zot:5    | Noticed an orb of fire
 87985 | Zot:5    | Noticed an orb of fire
 87988 | Zot:5    | Killed an orb of fire
 87990 | Zot:5    | Killed an orb of fire
 87995 | Zot:5    | Noticed a Killer Klown
 87997 | Zot:5    | Killed a Killer Klown
 88045 | Zot:5    | Got the Orb of Zot
 88403 | D:12     | Noticed a seraph
 88693 | D:$      | Escaped with the Orb!

Illustrated notes

Levels and vault maps discovered:
D:1:      minmay_arrival_stone_box, layout_basic,
          shapermc_ecumenical_altar_starsandcircs, serial_shops,
          nicolae_shop_hallway_plus, nicolae_square_shop,
          nicolae_shop_hallway_stairs
D:2:      layout_basic, uniq_robin
D:3:      layout_basic, minmay_splitting_lines, uniq_grinder, uniq_jessica,
          uniq_ijyb
D:4:      layout_basic, evilmike_ruin_ashenzari, minmay_temple_entry_waves,
          grunt_ministairs_13, minmay_gold_behind_fungi, st_stairs_6,
          hangedman_decor_peaks_small, kennysheep_generic_room_9, uniq_eustachio
D:5:      layout_gridville, nicolae_overflow_hidden_temple,
          mainiacjoe_overflow_concentric_impassable, uniq_pikel
D:6:      layout_gridville, mainiacjoe_overflow_cross_hatched, serial_demonic,
          serial_demonic_b, serial_demonic_f, serial_demonic_e,
          serial_demonic_a, serial_demonic_b, serial_demonic_e,
          serial_demonic_b, serial_demonic_f, uniq_edmund
D:7:      layout_basic, nicolae_overflow_crystal_walls, gammafunk_ghost_icy,
          lemuel_flamethrower_2
D:8:      layout_layer_cave, minmay_shop_chei, amcnicky_mini_pool_small,
          grunt_decor_junction
D:9:      layout_roguey, erik_orc_4
D:10:     layout_basic
D:11:     layout_cross, due_lair_maze_entry_diamond, minmay_evil_grid
D:12:     lemuel_ogre_cave, layout_irregular_city, enter_trove_2, uniq_erolcha
D:13:     layout_basic, kennysheep_small_square
D:14:     layout_loops_corners, grunt_vaults_entry_fortified,
          minmay_crystal_water
D:15:     hangedman_depths_entry_civil_slaughter, layout_stronghold
Temple:   minmay_crystal_spiral_temple
Lair:1:   layout_gridlike, beast_lair_carwin_7, uniq_fannar
Lair:2:   layout_loops_ring, chequers_serial_rivers_room_a, beast_lair_carwin_5,
          grunt_megastairs_2, uniq_amaemon
Lair:3:   layout_cave_pods, minmay_shoals_entry_lonely_mermaid,
          hellmonk_spider_entry_not_the_bees, special_room [special_room_bee],
          grunt_megastairs_5, lemuel_fruit_tree, infiniplex_staircase_pool
Lair:4:   layout_roguey, nicolae_volcano_entry_s_turn
Lair:5:   evilmike_catoblepas_cave, layout_regular_city,
          minmay_slime_entry_pillars
Shoals:1: layout_shoals, gammafunk_ghost_necromancy, serial_shops,
          nicolae_lakefront_shop
Shoals:2: layout_shoals, serial_shops, freezing_bzr
Shoals:3: layout_shoals, serial_shops, nicolae_shop_hallway_stairs
Shoals:4: shoals_end_hangedman, layout_shoals, uniq_bai_suzhen
Spider:1: layout_chambers, hellmonk_ghost_happy_afterlife
Spider:2: layout_spider_delve
Spider:3: layout_spider_delve
Spider:4: guppyfry_spider_rune, uniq_asterion
Orc:1:    layout_caves, nicolae_orc_bridge_out
Orc:2:    grunt_orc_community_town_hall, layout_caves,
          grunt_orc_community_big_house_2, grunt_orc_community_big_house_2,
          grunt_orc_community_house_1, grunt_orc_community_house_2,
          grunt_orc_community_house_2, grunt_orc_community_house_3,
          grunt_orc_community_house_2, grunt_orc_community_house_3,
          serial_shops, shop, mines1_david, uniq_sonja
Elf:1:    nicolae_elf_arrival_no_cutting_in_line, layout_geoelf_octagon,
          serial_shops, shop, shop_fountains, nicolae_square_shop,
          nicolae_shop_statue_plus, shop, minmay_elf_necromancy
Elf:2:    elven_hall_of_blades_hangedman_original
          [infiniplex_blade_entry_pillars], layout_onion_city,
          serial_sigils_hangedman_quiver, serial_nicolae_subway,
          nicolae_sub_station_crystal, nicolae_sub_station_metal,
          nicolae_sub_station_stone
Elf:3:    minmay_elf_hall, layout_geoelf_grid
Vaults:1: vaults_standard_mumra_x, v_misc_18, dpeg_vaults_monster_row,
          vaults_dpeg_encased_lava, v_rooms_1, nicolae_vaults_triangles,
          vaults_room_semicircle, vaults_standard_mumra_lines,
          nicolae_vaults_an_arrangement, layout_vaults_big_cross
Vaults:2: v_misc_16, v_misc_30, vaults_room_boxed, v_rooms_2,
          nicolae_vaults_mini_display_case, nicolae_vaults_circle_grid_b,
          nicolae_vaults_hallways_thing, vaults_dpeg_ring, vaults_mumra_hex,
          ontoclasm_vaults_decontamination, vaults_room_hallway,
          layout_vaults_big_room, uniq_jory
Vaults:3: nicolae_vaults_little_squares_3, minmay_crypt_entry_simple_corners,
          grunt_vaults_swirl, ontoclasm_vaults_gateway, grunt_vaults_twisty,
          nicolae_vaults_border_crossing, v_misc_31,
          nicolae_vaults_windows_and_doors_thing, dpeg_vaults_monster_box,
          layout_vaults_omnigrid
Vaults:4: mu_enter_wizlab_2, nicolae_vaults_bisected_inception,
          hangedman_vaults_stretched_pinwheel, v_misc_12,
          grunt_vaults_trifunnel, hangedman_vaults_stretched_pinwheel,
          ontoclasm_vaults_spin, nicolae_vaults_yaktaur_gun_rack, v_misc_10,
          layout_vaults_ring
Vaults:5: serial_shops
Crypt:1:  gammafunk_sealed_arena, layout_catacombs, grunt_crypt_arrival_webbed,
          lemuel_upstairs_altar
Crypt:2:  layout_basic, grunt_megastairs_1, uniq_khufu, uniq_donald, uniq_grunn
Crypt:3:  quadcrypt_mu
Tomb:1
Depths:1: layout_gridlike, enter_ziggurat_b, serial_shops, shop, pf_coc_iceberg,
          grunt_decor_clamped, drop_trap, serial_bayou_crossing,
          serial_bayou_shore_a
Depths:2: kennysheep_windowed_halls, layout_cave_pools, hell_entry,
          nicolae_uskayaw_suspiria, grunt_pan_entry_zigzag, firewood_loft
Depths:3: hangedman_spin_cycle, serial_shops, abyss_entry, hell_entry
Depths:4: evilmike_zot_entry_argh, layout_basic, doesnt_xom_only_xom,
          hell_entry, uniq_saint_roka
Zot:1:    grunt_deathspiral_small, layout_cathedral_of_symmetry,
          hangedman_zot_decor_scrapings, nicolae_transmutations_shop,
          uniq_josephina
Zot:2:    layout_twisted_circle, st_single_dragon_hoard_4, st_stairs_14,
          skrybe_zot_glass_1, lemuel_elevator
Zot:3:    gammafunk_dig_for_victory, layout_gridlike
Zot:4:    layout_misc_corridors
Zot:5:    layout_basic

Skill      XL: |  1  2  3  4  5  6  7  8  9 10 11 12 13 14 15 16 17 18 19 20 21 22 23 24 25 26 27 |
---------------+----------------------------------------------------------------------------------+-----
Spellcasting   | 3 4 5 6 7 8 10 11 12 13 15 17 18 19 20 22 23 25 26 27 | 27.0
Fighting       | 1 2 4 5 6 8 9 10 12 13 14 16 18 27 | 27.0
Stealth        | 2 3 4 6 8 9 10 14 | 14.8
Dodging        | 4 6 7 8 9 11 13 14 15 16 17 18 19 20 21 27 | 27.0

Action                   |  1- 3 |  4- 6 |  7- 9 | 10-12 | 13-15 | 16-18 | 19-21 | 22-24 | 25-27 || total
-------------------------+-------+-------+-------+-------+-------+-------+-------+-------+-------++-------
Melee: Dagger            |     7 |       |       |       |       |       |       |       |       ||     7
       Long sword        |     1 |     6 |     8 |       |       |       |       |       |       ||    15
       Staff             |       |       |       |       |       |     1 |       |       |       ||     1
       Rapier            |       |       |       |       |       |     8 |       |       |       ||     8
 Cast: Foxfire           |    48 |    48 |   154 |    81 |    23 |    45 |    13 |    14 |    10 ||   436
       Scorch            |     4 |    14 |    22 |    44 |    34 |    37 |    16 |    20 |    20 ||   211
       Conjure Flame     |     1 |       |     3 |     8 |     7 |       |       |       |       ||    19
       Poisonous Vapours |       |       |     4 |     2 |    12 |    15 |    24 |     8 |     3 ||    68
       Inner Flame       |       |       |     1 |       |     1 |     3 |    14 |    11 |       ||    30
       Flame Wave        |       |       |     6 |    62 |   108 |    29 |    10 |     5 |       ||   220
       Magic Dart        |       |       |     1 |       |     3 |       |       |       |     1 ||     5
       Dispel Undead     |       |       |       |     1 |       |     3 |       |     3 |       ||     7
       Summon Mana Viper |       |       |       |       |     3 |     7 |     1 |     7 |     4 ||    22
       Starburst         |       |       |       |       |    76 |   444 |   447 |   430 |   272 ||  1669
       Tukima's Dance    |       |       |       |       |     3 |     7 |       |    10 |       ||    20
       Eringya's Noxious |       |       |       |       |       |     3 |    12 |     7 |     3 ||    25
       Monstrous Menager |       |       |       |       |       |       |     4 |    48 |     2 ||    54
       Summon Hydra      |       |       |       |       |       |       |       |    58 |    20 ||    78
       Shatter           |       |       |       |       |       |       |       |       |   168 ||   168
       Fire Storm        |       |       |       |       |       |       |       |       |   347 ||   347
       Borgnjor's Revivi |       |       |       |       |       |       |       |       |     2 ||     2
Evoke: Wand              |       |       |       |     2 |       |       |       |     2 |       ||     4
  Use: Scroll            |       |     5 |     9 |     6 |     8 |     6 |     3 |     5 |     6 ||    48
       Potion            |       |       |       |       |       |     1 |     1 |     2 |     2 ||     6
 Stab: Sleeping          |       |     1 |       |       |       |       |       |       |       ||     1
Armor: Robe              |     5 |     1 |     7 |    16 |    27 |    21 |     5 |       |       ||    82
       Leather armour    |       |     1 |       |       |       |       |       |       |       ||     1
       Animal skin       |       |       |       |       |       |       |     9 |    28 |    16 ||    53
Dodge: Dodged            |    10 |    14 |    15 |   113 |   145 |   147 |   208 |   210 |   119 ||   981
       Repelled          |       |       |       |       |       |     1 |     7 |    13 |     9 ||    30
Block: Buckler           |       |       |       |       |    48 |    37 |    45 |    41 |    19 ||   190
